 Dungeon Crawl Stone Soup version 0.30-a0-222-ge547ba4400 (webtiles) character file.

Game seed: 16557804557047542306

48 Sobieck the Cutter (level 4, -1/26 HPs)
             Began as a Kobold Gladiator on Oct 8, 2022.
             Slain by Jessica
             ... wielding a +0 dagger
              (4 damage)
             ... on level 2 of the Dungeon.
             The game lasted 00:01:43 (1368 turns).

Sobieck the Cutter (Kobold Gladiator)               Turns: 1368, Time: 00:01:44

Health: -1/26      AC:  4    Str: 11    XL:     4   Next: 0%
Magic:  4/4        EV: 15    Int:  9    God:
Gold:   81         SH:  0    Dex: 18    Spells: 3/3 levels left

rFire   . . .      SeeInvis .    a - +0 rapier {short}
rCold   . . .      Faith    .    (no shield)
rNeg    . . .      Spirit   .    b - +0 leather armour
rPois   .          Reflect  .    c - +0 helmet
rElec   .          Harm     .    (no cloak)
rCorr   .          Rampage  .    (no gloves)
Will    .....                    (no boots)
Stlth   ++........               (no amulet)
HPRegen 0.24/turn                (no ring)
MPRegen 0.09/turn                (no ring)

@: no status effects
A: small, no large weapons, nightstalker 3
a: no special abilities


You were on level 2 of the Dungeon.
You visited 1 branch of the dungeon, and saw 2 of its levels.

You collected 81 gold pieces.


Innate Abilities, Weirdness & Mutations

You are small and have problems with some larger weapons.
You are completely attuned to the shadows.


   Skills:
 - Level 2.1 Fighting
 + Level 6.1 Short Blades
 - Level 2.1 Throwing
 - Level 3.6 Dodging


You had 3 spell levels left.
You didn't know any spells.
Your spell library was empty.

Inventory:

Hand Weapons
 a - a +0 rapier (weapon) {short}
 i - a +0 rapier {short}
   (You found it on level 1 of the Dungeon)
Missiles
 d - 3 throwing nets (quivered) {=f!fthrowing}
 e - 2 boomerangs {throwing}
 f - 12 stones {throwing}
 g - 6 poisoned darts {throwing}
Armour
 b - a +0 leather armour (worn)
 c - a +0 helmet (worn)
 j - a +0 ring mail
   (You found it on level 1 of the Dungeon)
 k - a +0 ring mail
   (You found it on level 1 of the Dungeon)
 l - a +0 ring mail
   (You found it on level 1 of the Dungeon)
 m - a +0 scale mail
   (You found it on level 2 of the Dungeon)
 p - a +0 ring mail
   (You found it on level 2 of the Dungeon)
Scrolls
 n - a scroll of identify {unknown}
Potions
 h - a potion of mutation {unknown}
 o - a potion of might {unknown}

Dungeon Overview and Level Annotations

Branches:
Dungeon (2/15) Zot: 10635

Altars:

Annotations:
D:2 Jessica

#.#.####
#.......#
#.......#
##....!..#.
........$..
#.......##
#.......#..
#..w@...#.#
###@#####.#
#.#####.#
#....†..#
#######.#
#.#
#.#######
#........
###.####.
#.# #..#


You could see a worm and Jessica (fast).


Message History

A rat comes into view.
Danger!
You hit the rat.
You kill the rat!
No target in view!
No target in view!
l - a +0 ring mail
There is an open door here.
Done exploring.
Done exploring.
(D) Dungeon
Where to? (Enter - D:1 @ (x,y), ? - help)
There is a stone staircase leading down here.
You climb downwards.
There is a stone staircase leading up here.
Unknown command.
Unknown command.
Unknown command.
An adder comes into view.
Danger!
The helpless adder fails to defend itself.
You impale the adder!!
You kill the adder!
Your Short Blades skill increases to level 6!
Unknown command.
m - a +0 scale mail
n - a scroll labelled YNIESA QO PACA Unknown command.
A hobgoblin comes into view.
Danger!
A giant cockroach comes into view.
The helpless hobgoblin fails to defend itself.
You puncture the hobgoblin!
You kill the hobgoblin!
The giant cockroach bites you but does no damage.
You hit the giant cockroach. The giant cockroach closely misses you.
You barely miss the giant cockroach. The giant cockroach misses you.
A giant cockroach is nearby!
You puncture the giant cockroach!
You kill the giant cockroach!
No target in view!
No target in view!
o - a golden potion You now have 81 gold pieces (gained 10).
A quokka comes into view.
Danger!
The helpless quokka fails to defend itself.
You puncture the quokka!
You kill the quokka!
No target in view!
A ball python comes into view.
Danger!
The helpless ball python fails to defend itself.
You puncture the ball python!
You kill the ball python!
You have reached level 4!
You see here a ball python corpse.
p - a +0 ring mail A worm comes into view.
Danger!
Jessica the Apprentice Sorceress comes into view.
She is wielding a +0 dagger and carrying a wand of flame (5).
Jessica shouts!
You hit the worm. The worm closely misses you.
You barely miss the worm. Jessica gestures at you while chanting.
Pain shoots through your body!
You are too injured to fight recklessly!
You are too injured to fight recklessly!
You are too injured to fight recklessly!
Unknown command.
Unknown command.
You puncture the worm! The worm closely misses you.
You hit the worm. The worm closely misses you.
Unknown command.
Jessica barely misses you.
Jessica gestures wildly while chanting.
Jessica seems to speed up.
Jessica gestures at you while chanting.
You barely resist.
Unknown command.
You barely miss Jessica. Jessica gestures at you while chanting.
You barely resist. You barely miss Jessica.
Jessica gestures wildly while chanting.
Jessica blinks!
Unknown command.
Jessica casts a spell at you. Pain shoots through your body!
* * * LOW HITPOINT WARNING * * *
You hit the worm. Jessica casts a spell at you. Pain shoots through your body!
* * * LOW HITPOINT WARNING * * *
The worm misses you.
Unknown command.
You barely miss the worm.
Unknown command.
You hit the worm. Jessica hits you with a +0 dagger.
You die...

Skill      XL: |  1  2  3 |
---------------+----------+-----
Short Blades   | 5 6 |  6.1
Fighting       | |  2.1
Throwing       | |  2.1
Dodging        | |  3.6

Action                   |  1- 3 |  4- 6 || total
-------------------------+-------+-------++-------
Melee: Rapier            |    73 |     9 ||    82
 Stab: Sleeping          |     9 |       ||     9
Armor: Leather armour    |    13 |       ||    13
Dodge: Dodged            |    51 |     5 ||    56

Levels and vault maps discovered:
D:1:      elethiomel_arrival_maze, layout_basic, roderic_serpentine_path
D:2:      layout_loops_ring, chequers_serial_rivers_micro_d, uniq_jessica

Notes
Turn   | Place    | Note
-------+----------+-------------------------------------------
     0 | D:1      | Sobieck the Kobold Gladiator began the quest for the Orb.
     0 | D:1      | Reached XP level 1. HP: 12/12 MP: 1/1
   142 | D:1      | Reached XP level 2. HP: 17/17 MP: 2/2
   233 | D:1      | Reached skill level 5 in Short Blades
   482 | D:1      | Reached XP level 3. HP: 21/21 MP: 3/3
  1203 | D:2      | Reached skill level 6 in Short Blades
  1342 | D:2      | Reached XP level 4. HP: 26/26 MP: 4/4
  1352 | D:2      | Noticed Jessica
  1366 | D:2      | HP: 3/26 [Jessica/nerve-wracking pain (5)]
  1368 | D:2      | Slain by Jessica

Vanquished Creatures
  An adder (D:2)
  5 ball pythons
  2 endoplasms (D:1)
  2 giant cockroaches
  3 goblins (D:1)
  7 hobgoblins
  4 jackals (D:1)
  2 kobolds (D:1)
  A quokka (D:2)
  4 bats (D:1)
  A frilled lizard (D:1)
  3 rats (D:1)
35 creatures vanquished.

Table legend:
 A = Non-vault XP
 B = Vault XP
 C = Vault XP percentage of total XP
 D = Non-vault monster count
 E = Vault monster count
 F = Vault count percentage of total count
                 A         B        C        D         E       F
            +---------+---------+-------+---------+---------+-------
      Total |      69 |       0 |   0.0 |      35 |       0 |   0.0
            +---------+---------+-------+---------+---------+-------
        D:1 |      48 |       0 |   0.0 |      30 |       0 |   0.0
        D:2 |      21 |       0 |   0.0 |       5 |       0 |   0.0
            +---------+---------+-------+---------+---------+-------

Illustrated notes

Table legend:
 A = Kills in this place as a percentage of kills in entire the game.
 B = Kills by you in this place as a percentage of kills by you in the entire game.
 C = Kills by friends in this place as a percentage of kills by friends in the entire game.
 D = Other kills in this place as a percentage of other kills in the entire game.
 E = Experience gained in this place as a percentage of experience gained in the entire game.
 F = Experience gained in this place divided by the number of levels of this place that you have seen.
                   A       B       C       D       E      F
               +-------+-------+-------+-------+-------+----------------------
         Total | 100.0 | 100.0 |   N/A |   N/A | 100.0 |  34.5
       Dungeon | 100.0 | 100.0 |   N/A |   N/A | 100.0 |  34.5
               +-------+-------+-------+-------+-------+----------------------

Table legend: (Time is in decaauts)
 A = Elapsed time spent in this place.
 B = Non-inter-level travel time spent in this place.
 C = Inter-level travel time spent in this place.
 D = Time resting spent in this place.
 E = Time spent auto-exploring this place.
 F = Levels seen in this place.
 G = Mean time per level.
                   A        B        C        D        E       F      G
               +--------+--------+--------+--------+--------+-----+--------+
         Total |   1363 |   1328 |     35 |     21 |   1137 |   2 |  681.5 |
       Dungeon |   1363 |   1328 |     35 |     21 |   1137 |   2 |  681.5 |
               +--------+--------+--------+--------+--------+-----+--------+

Top non-repeatable levels by time:
     D:1: 1193 daAuts
     D:2: 170 daAuts
